 Dungeon Crawl Stone Soup version 0.19-a0-1672-g679cadd (webtiles) character file.

340 benitares the Cudgeler (level 6, -8/37 HPs)
             Began as a Gargoyle Fighter on Sept 22, 2016.
             Killed by divine providence
             ... invoked by an orc priest
              (11 damage)
             ... on level 4 of the Dungeon.
             The game lasted 00:03:19 (2749 turns).

benitares the Cudgeler (Gargoyle Fighter)           Turns: 2749, Time: 00:03:20

Health: -8/37      AC: 15    Str: 26    XL:     6   Next: 56%
Magic:  6/6        EV:  4    Int:  8    God:
Gold:   237        SH:  9    Dex: 10    Spells: 0 memorised, 5 levels left

rFire  . . .     SeeInvis .     a - +0 flail
rCold  . . .     Gourm    .     g - +0 plate armour
rNeg   + . .     Faith    .     c - +0 shield
rPois  ∞         Spirit   .     (no helmet)
rElec  +         Dismiss  .     (no cloak)
rCorr  .         Reflect  .     (no gloves)
MR     .....     Harm     .     (no boots)
Stlth  ..........               (no amulet)
                                (no ring)
                                (no ring)

@: mighty
A: negative energy resistance 1, electricity resistance, unbreathing,
petrification resistance, rot immunity, AC +4
a: no special abilities


You were on level 4 of the Dungeon.
You were hungry.

You visited 1 branch of the dungeon, and saw 4 of its levels.

You collected 237 gold pieces.

Inventory:

Hand Weapons
 a - a +0 flail (weapon)
Armour
 b - a +0 scale mail
 c - a +0 shield (worn)
 g - a +0 plate armour (worn)
Jewellery
 u - a +3 ring of protection {unknown}
Scrolls
 h - 4 scrolls of remove curse {unknown}
 i - a scroll of magic mapping {unknown}
 k - a scroll of immolation {unknown}
 m - 4 scrolls of identify {unknown}
 o - a scroll of fear {unknown}
 q - a scroll of noise {unknown}
 r - a scroll of random uselessness {unknown}
 s - 3 scrolls of blinking {unknown}
 t - a scroll of amnesia {unknown}
Potions
 n - a potion of lignification {unknown}
Comestibles
 f - 7 bread rations
 j - 4 fruits
 p - a beef jerky
 v - a meat ration


   Skills:
 - Level 3.2 Fighting
 + Level 6.8 Maces & Flails
 - Level 3.2 Armour
 - Level 3.2 Shields


You had 5 spell levels left.
You didn't know any spells.

Dungeon Overview and Level Annotations

Branches:
Dungeon (4/15)
 Temple: D:4-7

Altars:
Nemelex Xobeh


Innate Abilities, Weirdness & Mutations

You are resistant to torment.
Your stone body is resilient. (AC +4)
You are immune to poison.
You resist negative energy. (rN+)
You are resistant to electric shocks. (rElec)
You can survive without breathing.
You are immune to petrification.
You are immune to rotting.


Message History

The orc priest shouts!
The orc hits you but does no damage.
You feel very mighty all of a sudden. You block the orc's attack.
You feel better. The orc hits you but does no damage.
You hit the orc.
The orc is severely wounded.
The orc barely misses you.
The orc priest calls upon Beogh to heal the orc.
The orc is healed somewhat.
The orc priest calls down the wrath of Beogh upon you.
Beogh smites you!
* * * LOW HITPOINT WARNING * * *
The orc priest calls upon Beogh to heal the orc.
The orc's wounds heal themselves!
The orc hits you.
* * * LOW HITPOINT WARNING * * *
The orc priest invokes the aid of Beogh against you.
Beogh smites you!
You die...

#........###.##.#
#...............#
##.....#####.##.##
##..........##...
##############.##
##### #.### ...#
#.#.## ### ####.######
#....###.. #....@....#
#..#......
#.##.####.###.###.##..
#. #o# #....## ##.##.
#.##.##.#
###...###.###.
#...(.o.# ##...#.## #.
####o#### ##.#.## #.
#. #.### #. #o #.# #.
.o #+## #.


You could see an orc priest and an orc.

Vanquished Creatures
  An ogre (D:4)
  A crimson imp (D:3)
  An orc priest (D:4)
  A bullfrog skeleton (D:4)
  An orc wizard (D:4)
  Jessica (D:2)
  2 adders
  3 oozes
  A worm (D:3)
  3 leopard geckos (D:1)
  7 orcs
  2 giant cockroaches
  10 hobgoblins
  4 jackals (D:1)
  5 bats
  3 frilled lizards
  6 goblins
  A jackal skeleton (D:4)
  10 kobolds
  5 rats
68 creatures vanquished.

Notes
Turn   | Place    | Note
-------+----------+-------------------------------------------
     0 | D:1      | benitares the Gargoyle Fighter began the quest for the Orb.
     0 | D:1      | Reached XP level 1. HP: 14/14 MP: 1/1
    78 | D:1      | Reached XP level 2. HP: 9/19 MP: 2/2
    93 | D:1      | Reached skill level 3 in Maces & Flails
   554 | D:1      | Reached XP level 3. HP: 10/23 MP: 3/3
  1077 | D:2      | Found a sparkling altar of Nemelex Xobeh.
  1077 | D:2      | Noticed Jessica
  1079 | D:2      | Killed Jessica
  1079 | D:2      | Reached skill level 4 in Maces & Flails
  1079 | D:2      | Reached XP level 4. HP: 28/28 MP: 4/4
  1863 | D:3      | Reached skill level 5 in Maces & Flails
  1863 | D:3      | Reached XP level 5. HP: 28/32 MP: 5/5
  2490 | D:4      | Reached skill level 6 in Maces & Flails
  2490 | D:4      | Reached XP level 6. HP: 23/37 MP: 6/6
  2749 | D:4      | Killed from afar by an orc priest

Vault maps used:
D:1:      matt_arrival_refuge, kennysheep_minor_cross, minmay_tall_x
D:2:      first_bread, nemelex_lonely_heart_becter
D:4:      serial_shops, shop

Skill      XL: |  1  2  3  4  5 |
---------------+----------------+-----
Maces & Flails | 3 4 5 6 |  6.8
Fighting       | |  3.2
Armour         | |  3.2
Shields        | |  3.2

Action                   |  1- 3 |  4- 6 || total
-------------------------+-------+-------++-------
Melee: Flail             |   103 |   282 ||   385
  Use: Potion            |       |     7 ||     7
  Eat: Chunk             |       |     6 ||     6
Armor: Scale mail        |    31 |       ||    31
       Plate armour      |    58 |   185 ||   243
Dodge: Dodged            |    29 |    46 ||    75
Block: Shield            |    66 |   134 ||   200
